Coyotes vs Kings
(R1)
Created - 26 octobre 2014 at 19:36
Goals
|
| Coyotes |
0 |
2 |
1 |
0 |
3 |
| Kings |
1 |
2 |
0 |
1 |
4 |
|
Shots
|
| Coyotes |
6 |
6 |
8 |
0 |
20 |
| Kings |
12 |
15 |
8 |
1 |
36 |
|
1st period
1. Kings , Patrick Kane 5 (Stephane Robidas, Anze Kopitar) at 18:34 (PP)
Penalties :
Stephane Robidas (LAK) for Holding (Minor) at 0:22, Frans Nielsen (Ari) for Roughing (Minor) at 1:07, Sami Kapanen (Ari) for Roughing (Minor) at 11:33, Sami Kapanen (Ari) for Hooking (Minor) at 18:22
2nd period
2. Kings , Mikkel Boedker 5 (Marc-Édouard Vlasic) at 3:03
3. Kings , Matt Duchene 7 (Rene Bourque, Mike Cammalleri) at 7:09 (PP)
4. Coyotes , Marian Gaborik 8 (Brian Rafalski, Tim Connolly) at 10:06
5. Coyotes , Drew Miller 6 (Frans Nielsen) at 15:57
Penalties :
Matt Duchene (LAK) for Slashing (Minor) at 0:22, Anton Stralman (Ari) for Hooking (Minor) at 0:35, Marian Gaborik (Ari) for Tripping (Minor) at 6:06, Anze Kopitar (LAK) for Slashing (Minor) at 12:28
3rd period
6. Coyotes , Drew Miller 7 (Frans Nielsen, Adrian Aucoin) at 4:03
Penalties :
Anze Kopitar (LAK) for Hooking (Minor) at 0:11, Pernell Karl Subban (LAK) for High sticking (Minor) at 10:25, Randy Robitaille (LAK) for Interference (Minor) at 16:08
Overtime #1
7. Kings , Brenden Morrow 4 (Stephane Robidas) at 0:06
Penalties :
No Penalty
Goalie Stats
Ryan Miller (Ari), 32 saves from 36 shots - (0,889), OTL, 6-4-3, 60:06 minutes
Ondrej Pavelec (LAK), 17 saves from 20 shots - (0,850), W, 4-6-3, 60:06 minutes
Players Stats for Coyotes
Player Name G A P +/- PIM S H SB GA TA FO MP PP MP PK MP
------------------------------------------------------------------------------------
Adrian Aucoin 0 1 1 1 0 0 2 0 1 1 0/0 20:25 4:02 0:08
Anton Stralman 0 0 0 0 2 0 1 2 0 0 0/0 22:54 6:15 1:17
Boyd Devereaux 0 0 0 0 0 1 1 0 1 0 5/10 14:43 0:14 2:27
Brian Rafalski 0 1 1 0 0 3 3 0 0 0 0/0 15:51 2:54 0:08
Chad Larose 0 0 0 0 0 3 2 0 0 0 0/0 14:16 0:06 2:27
Chris Stewart 0 0 0 2 0 1 0 0 1 0 0/0 16:20 4:07 0:00
Denis Grebeshkov 0 0 0 1 0 0 1 3 1 3 0/0 21:16 3:27 2:07
Drew Miller 2 0 2 2 0 3 3 0 0 0 2/4 18:40 4:07 1:23
Erik Christensen 0 0 0 -1 0 1 0 0 0 0 3/5 8:38 0:00 0:20
Erik Cole 0 0 0 0 0 0 1 0 0 1 0/0 9:22 0:00 0:55
Frans Nielsen 0 2 2 2 2 2 2 1 0 0 6/14 17:44 4:06 0:00
Jiri Fischer 0 0 0 1 0 1 1 2 0 0 0/0 17:48 1:09 2:47
Kurt Sauer 0 0 0 -1 0 0 3 3 0 1 0/0 20:13 0:00 1:57
Marian Gaborik 1 0 1 0 2 3 0 0 0 1 0/0 19:40 4:41 0:02
Sami Kapanen 0 0 0 -1 4 1 1 0 0 0 0/0 7:57 0:00 0:00
Shawn Thornton 0 0 0 -1 0 0 0 1 0 0 0/0 9:55 0:14 0:48
Tim Connolly 0 1 1 0 0 1 3 1 2 0 12/26 19:33 4:33 0:02
Tyler Ennis 0 0 0 1 0 0 2 0 0 0 1/1 17:52 4:33 0:00
Players Stats for Kings
Player Name G A P +/- PIM S H SB GA TA FO MP PP MP PK MP
------------------------------------------------------------------------------------
Anze Kopitar 0 1 1 0 4 2 2 0 1 0 10/20 19:12 2:09 2:06
Brenden Morrow 1 0 1 0 0 2 2 0 0 0 1/1 17:44 1:08 1:42
Brent Burns 0 0 0 0 0 3 1 0 1 0 0/0 22:48 1:47 3:35
Cory Sarich 0 0 0 -1 0 0 3 1 0 1 0/0 20:12 0:45 5:19
Eric Brewer 0 0 0 0 0 1 3 0 1 1 0/0 24:12 0:53 5:19
Hnat Domenichelli 0 0 0 0 0 3 1 0 0 0 0/0 8:00 0:11 0:07
Jonas Hoglund 0 0 0 1 0 0 1 0 0 0 0/0 13:58 0:00 4:55
Marc-Édouard Vlasic 0 1 1 0 0 2 1 1 0 1 0/0 15:10 1:47 0:00
Matt Duchene 1 0 1 -2 2 1 1 0 0 0 10/17 17:23 1:54 0:52
Mike Cammalleri 0 1 1 -2 0 1 3 0 0 0 1/4 19:10 1:46 2:18
Mikkel Boedker 1 0 1 1 0 1 0 0 0 0 0/0 10:22 1:33 0:00
Patrick Kane 1 0 1 -2 0 8 2 0 3 0 1/2 18:46 1:33 2:07
Pernell Karl Subban 0 0 0 -1 2 0 0 1 0 1 0/0 21:59 1:32 2:39
Randy Robitaille 0 0 0 0 2 5 1 0 0 0 3/8 11:42 0:08 3:41
Rene Bourque 0 1 1 -1 0 1 2 0 1 1 2/2 13:07 1:29 0:00
Stephane Robidas 0 2 2 0 2 2 0 1 0 1 0/0 18:20 2:25 0:56
Vaclav Varada 0 0 0 0 0 2 1 0 0 0 0/1 7:30 0:00 0:00
Viktor Kozlov 0 0 0 1 0 2 1 0 0 0 3/5 8:49 0:00 0:00
3 Stars
1 - Drew Miller (Ari)
2 - Frans Nielsen (Ari)
3 - Brenden Morrow (LAK)
Power Play
Coyotes - 0 on 6 Attempt(s) - 0,00%
Kings - 2 on 5 Attempt(s) - 40,00%
Penalty Kill
Coyotes - 3 on 5 Attempt(s) - 60,00%
- Score 0 goal in Penalty Kill
Kings - 6 on 6 Attempt(s) - 100,00%
- Score 0 goal in Penalty Kill
Official
Referees : Hebert Ghislain and Ciamaga Chris
Linesman : Steve Barton and Mark Wheler
Game Notes
Denis Grebeshkov is injured at 9:27 of 3rd period (Right Foot)
Finance
Level 1 -- Attendance: 5643 (94,05%) -- Ticket Income 423 225 $
Level 2 -- Attendance: 5000 (100,00%) -- Ticket Income 250 000 $
Level 3 -- Attendance: 1882 (94,10%) -- Ticket Income 56 460 $
Level 4 -- Attendance: 3888 (97,20%) -- Ticket Income 77 760 $
Luxury Box -- Attendance: 937 (93,70%) -- Ticket Income 126 495 $
Game was played at the Staples Center
Total Attendance: 17350 (96,39%)
Total Ticket Income: 933 940 $
Other Income: 140 091 $
Total Income: 1 074 031 $
Coyotes
5 vs 5 Forward
Center Left Wing Right Wing Time % Phy DF OF
1 Tim Connolly Tyler Ennis Marian Gaborik 34 1 0 4
2 Frans Nielsen Drew Miller Chris Stewart 30 1 1 3
3 Boyd Devereaux Erik Cole Chad Larose 20 2 2 1
4 Erik Christensen Shawn Thornton Sami Kapanen 16 2 1 2
5 vs 5 Defense
Defense Defense Time % Phy DF OF
1 Denis Grebeshkov Adrian Aucoin 38 1 1 3
2 Kurt Sauer Anton Stralman 34 1 1 3
3 Jiri Fischer Brian Rafalski 27 2 1 2
4 Kurt Sauer Denis Grebeshkov 1 1 1 3
PowerPlay Forward
Center Left Wing Right Wing Time % Phy DF OF
1 Tim Connolly Tyler Ennis Marian Gaborik 55 1 0 4
2 Frans Nielsen Drew Miller Chris Stewart 45 1 0 4
PowerPlay Defense
Defense Defense Time % Phy DF OF
1 Denis Grebeshkov Anton Stralman 55 0 1 4
2 Brian Rafalski Adrian Aucoin 45 1 0 4
Penalty Kill 4 Players Forward
Center Wing Time % Phy DF OF
1 Boyd Devereaux Chad Larose 54 1 3 1
2 Drew Miller Erik Cole 46 1 3 1
Penalty Kill 4 Players Defense
Defense Defense Time % Phy DF OF
1 Kurt Sauer Jiri Fischer 54 1 4 0
2 Anton Stralman Denis Grebeshkov 46 1 4 0
Penalty Kill - 3 Players Forward
Forward Time % Phy DF OF
1 Chad Larose 53 0 5 0
2 Drew Miller 47 1 4 0
Penalty Kill - 3 Players Defense
Defense Defense Time % Phy DF OF
1 Jiri Fischer Kurt Sauer 53 1 4 0
2 Adrian Aucoin Denis Grebeshkov 47 1 4 0
4 vs 4 Forward
Center Wing Time % Phy DF OF
1 Tim Connolly Marian Gaborik 52 0 1 4
2 Frans Nielsen Drew Miller 48 0 2 3
4 vs 4 Defense
Defense Defense Time % Phy DF OF
1 Kurt Sauer Brian Rafalski 52 1 2 2
2 Denis Grebeshkov Jiri Fischer 48 1 2 2
Last Minutes Offensive
Center Left Wing Right Wing Defense Defense
Tim Connolly Tyler Ennis Marian Gaborik Denis Grebeshkov Anton Stralman
Last Minutes Defensive
Center Left Wing Right Wing Defense Defense
Boyd Devereaux Drew Miller Chad Larose Kurt Sauer Jiri Fischer
Goaltenders
Starting : Ryan Miller
Backup : Marc Denis
Extra Forwards
Normal : Marian Gaborik, Drew Miller, Chris Stewart - PP : Marian Gaborik, Chris Stewart - PK : Drew Miller
Extra Defensemen
Normal : Denis Grebeshkov, Kurt Sauer, Anton Stralman - PP : Denis Grebeshkov - PK : Jiri Fischer, Kurt Sauer
Penalty Shots
Marian Gaborik, Tyler Ennis, Drew Miller, Frans Nielsen, Tim Connolly
Kings
5 vs 5 Forward
Center Left Wing Right Wing Time % Phy DF OF
1 Anze Kopitar Brenden Morrow Rene Bourque 35 1 1 3
2 Matt Duchene Mike Cammalleri Patrick Kane 35 1 1 3
3 Viktor Kozlov Mikkel Boedker Jonas Hoglund 25 1 2 2
4 Randy Robitaille Hnat Domenichelli Vaclav Varada 5 2 3 0
5 vs 5 Defense
Defense Defense Time % Phy DF OF
1 Stephane Robidas Brent Burns 35 0 3 2
2 Pernell Karl Subban Eric Brewer 35 0 3 2
3 Marc-Édouard Vlasic Cory Sarich 30 0 3 2
4 Marc-Édouard Vlasic Cory Sarich 0 0 3 2
PowerPlay Forward
Center Left Wing Right Wing Time % Phy DF OF
1 Anze Kopitar Mikkel Boedker Patrick Kane 60 0 1 4
2 Matt Duchene Mike Cammalleri Rene Bourque 40 0 1 4
PowerPlay Defense
Defense Defense Time % Phy DF OF
1 Marc-Édouard Vlasic Brent Burns 60 0 2 3
2 Stephane Robidas Pernell Karl Subban 40 0 2 3
Penalty Kill 4 Players Forward
Center Wing Time % Phy DF OF
1 Randy Robitaille Jonas Hoglund 60 0 4 1
2 Anze Kopitar Patrick Kane 40 0 3 2
Penalty Kill 4 Players Defense
Defense Defense Time % Phy DF OF
1 Eric Brewer Cory Sarich 60 1 4 0
2 Brent Burns Pernell Karl Subban 40 1 4 0
Penalty Kill - 3 Players Forward
Forward Time % Phy DF OF
1 Randy Robitaille 60 0 4 1
2 Anze Kopitar 40 0 4 1
Penalty Kill - 3 Players Defense
Defense Defense Time % Phy DF OF
1 Eric Brewer Cory Sarich 60 1 4 0
2 Brent Burns Pernell Karl Subban 40 1 4 0
4 vs 4 Forward
Center Wing Time % Phy DF OF
1 Anze Kopitar Brenden Morrow 60 1 2 2
2 Matt Duchene Patrick Kane 40 1 2 2
4 vs 4 Defense
Defense Defense Time % Phy DF OF
1 Eric Brewer Stephane Robidas 60 1 2 2
2 Brent Burns Pernell Karl Subban 40 1 2 2
Last Minutes Offensive
Center Left Wing Right Wing Defense Defense
Anze Kopitar Brenden Morrow Patrick Kane Marc-Édouard Vlasic Brent Burns
Last Minutes Defensive
Center Left Wing Right Wing Defense Defense
Anze Kopitar Mike Cammalleri Jonas Hoglund Eric Brewer Brent Burns
Goaltenders
Starting : Ondrej Pavelec
Backup : Nikolai Khabibulin
Extra Forwards
Normal : Anze Kopitar, Patrick Kane, Mike Cammalleri - PP : Brenden Morrow, Hnat Domenichelli - PK : Mike Cammalleri
Extra Defensemen
Normal : Brent Burns, Eric Brewer, Pernell Karl Subban - PP : Eric Brewer - PK : Stephane Robidas, Marc-Édouard Vlasic
Penalty Shots
Anze Kopitar, Mikkel Boedker, Patrick Kane, Mike Cammalleri, Rene Bourque
% Time on Ice - Coyotes
Lines # - Real PCT - Wanted PCT - Time Play
Normal Forward
1 - 35% - 34% - 15:20
2 - 28% - 30% - 12:12
3 - 19% - 20% - 8:25
4 - 18% - 16% - 7:57
Normal Defense
1 - 40% - 38% - 17:23
2 - 31% - 34% - 13:27
3 - 23% - 27% - 10:18
4 - 6% - 1% - 2:46
PP Forward
1 - 54% - 55% - 4:47
2 - 46% - 45% - 4:07
PP Defense
1 - 83% - 55% - 7:25
2 - 17% - 45% - 1:29
PK Forward
1 - 67% - 54% - 2:49
2 - 33% - 46% - 1:23
PK Defense
1 - 50% - 54% - 2:05
2 - 50% - 46% - 2:07
PK3 Forward
1 - 0% - 53%
2 - 0% - 47%
PK3 Defense
1 - 0% - 53%
2 - 0% - 47%
44 Forward
1 - 54% - 52% - 1:41
2 - 46% - 48% - 1:25
44 Defense
1 - 58% - 52% - 1:47
2 - 42% - 48% - 1:19
Last Minute Offensive - 0:00
Last Minute Defensive - 0:00
Total
Forward - 60:06
Defense - 60:06
|
% Time on Ice - Kings
Lines # - Real PCT - Wanted PCT - Time Play
Normal Forward
1 - 31% - 35% - 13:30
2 - 32% - 35% - 14:05
3 - 20% - 25% - 8:49
4 - 17% - 5% - 7:30
Normal Defense
1 - 35% - 35% - 15:34
2 - 35% - 35% - 15:18
3 - 30% - 30% - 13:02
4 - 0% - 0% - 0:00
PP Forward
1 - 58% - 60% - 2:26
2 - 42% - 40% - 1:46
PP Defense
1 - 63% - 60% - 2:40
2 - 37% - 40% - 1:32
PK Forward
1 - 76% - 60% - 6:47
2 - 24% - 40% - 2:07
PK Defense
1 - 60% - 60% - 5:19
2 - 40% - 40% - 3:35
PK3 Forward
1 - 0% - 60%
2 - 0% - 40%
PK3 Defense
1 - 0% - 60%
2 - 0% - 40%
44 Forward
1 - 63% - 60% - 1:58
2 - 37% - 40% - 1:08
44 Defense
1 - 44% - 60% - 1:22
2 - 56% - 40% - 1:44
Last Minute Offensive - 0:00
Last Minute Defensive - 0:00
Total
Forward - 60:06
Defense - 60:06
|
Play by Play
1st period
0:01 of 1st period - Tim Connolly wins face-off versus Anze Kopitar in neutral zone.
0:22 of 1st period - Minor Penalty to Stephane Robidas for Holding.
0:23 of 1st period - Tim Connolly wins face-off versus Randy Robitaille in Kings zone.
0:38 of 1st period - Snap shot by Marian Gaborik.
0:38 of 1st period - Shot Misses the Net.
0:50 of 1st period - Denis Grebeshkov is hit by Cory Sarich and loses puck.
1:07 of 1st period - Minor Penalty to Frans Nielsen for Roughing.
1:08 of 1st period - Tim Connolly wins face-off versus Anze Kopitar in Coyotes zone.
1:18 of 1st period - Kurt Sauer is hit by Brenden Morrow and loses puck.
1:34 of 1st period - Kurt Sauer is hit by Eric Brewer and loses puck.
2:22 of 1st period - Penalty to Stephane Robidas is over, Stephane Robidas is back on ice.
3:07 of 1st period - Penalty to Frans Nielsen is over, Frans Nielsen is back on ice.
3:20 of 1st period - Snap shot by Frans Nielsen.
3:20 of 1st period - Shot Misses the Net.
3:36 of 1st period - Slapshot by Boyd Devereaux.
3:36 of 1st period - Shot Misses the Net.
4:10 of 1st period - Slapshot by Frans Nielsen.
4:10 of 1st period - Shot Misses the Net.
4:18 of 1st period - Snap shot by Frans Nielsen.
4:18 of 1st period - Deflect By Chad Larose.
4:18 of 1st period - Stopped by Ondrej Pavelec with a rebound.
4:20 of 1st period - Wrist shot by Boyd Devereaux.
4:20 of 1st period - Shot Misses the Net.
4:22 of 1st period - Slapshot by Denis Grebeshkov.
4:22 of 1st period - Shot Misses the Net.
4:24 of 1st period - Slapshot by Jiri Fischer.
4:24 of 1st period - Stopped by Ondrej Pavelec with a rebound.
4:26 of 1st period - Slapshot by Jiri Fischer.
4:26 of 1st period - Shot Misses the Net.
4:28 of 1st period - Wrist shot by Chad Larose.
4:28 of 1st period - Stopped by Ondrej Pavelec without a rebound.
4:29 of 1st period - Erik Christensen wins face-off versus Matt Duchene in Kings zone.
4:40 of 1st period - Snap shot by Erik Christensen.
4:40 of 1st period - Deflect By Sami Kapanen.
4:40 of 1st period - Stopped by Ondrej Pavelec without a rebound.
4:41 of 1st period - Matt Duchene wins face-off versus Erik Christensen in Kings zone.
4:48 of 1st period - Wrist shot by Patrick Kane.
4:48 of 1st period - Shot Misses the Net.
5:05 of 1st period - Icing by Shawn Thornton.
5:06 of 1st period - Tim Connolly wins face-off versus Viktor Kozlov in Coyotes zone.
5:52 of 1st period - Slapshot by Vaclav Varada.
5:52 of 1st period - Stopped by Ryan Miller without a rebound.
5:53 of 1st period - Randy Robitaille wins face-off versus Drew Miller in Coyotes zone.
7:08 of 1st period - Wrist shot by Randy Robitaille.
7:08 of 1st period - Stopped by Ryan Miller with a rebound.
8:12 of 1st period - Brent Burns is hit by Boyd Devereaux and loses puck.
8:25 of 1st period - Wrist shot by Matt Duchene.
8:25 of 1st period - Shot Blocked by Jiri Fischer.
8:27 of 1st period - Slapshot by Brent Burns.
8:27 of 1st period - Stopped by Ryan Miller without a rebound.
8:28 of 1st period - Drew Miller wins face-off versus Matt Duchene in Coyotes zone.
8:28 of 1st period - Drew Miller is hit by Mike Cammalleri.
8:54 of 1st period - Tim Connolly is hit by Eric Brewer and loses puck.
9:03 of 1st period - Snap shot by Marian Gaborik.
9:03 of 1st period - Stopped by Ondrej Pavelec with a rebound.
9:10 of 1st period - Icing by Mikkel Boedker.
9:11 of 1st period - Anze Kopitar wins face-off versus Boyd Devereaux in Kings zone.
9:17 of 1st period - Icing by Erik Cole.
9:18 of 1st period - Anze Kopitar wins face-off versus Boyd Devereaux in Coyotes zone.
9:19 of 1st period - Slapshot by Rene Bourque.
9:19 of 1st period - Shot Misses the Net.
10:07 of 1st period - Wrist shot by Marc-Édouard Vlasic.
10:07 of 1st period - Stopped by Ryan Miller with a rebound.
10:27 of 1st period - Slapshot by Chad Larose.
10:27 of 1st period - Shot Misses the Net.
10:42 of 1st period - Off-side.
10:43 of 1st period - Matt Duchene wins face-off versus Frans Nielsen in neutral zone.
11:10 of 1st period - Tim Connolly is hit by Brent Burns and loses puck.
11:31 of 1st period - Wrist shot by Hnat Domenichelli.
11:31 of 1st period - Stopped by Ryan Miller with a rebound.
11:33 of 1st period - Minor Penalty to Sami Kapanen for Roughing.
11:34 of 1st period - Drew Miller wins face-off versus Anze Kopitar in Coyotes zone.
11:39 of 1st period - Anze Kopitar is hit by Drew Miller and loses puck.
13:33 of 1st period - Penalty to Sami Kapanen is over, Sami Kapanen is back on ice.
13:50 of 1st period - Slapshot by Brent Burns.
13:50 of 1st period - Shot Misses the Net.
15:01 of 1st period - Eric Brewer is hit by Tyler Ennis and loses puck.
16:46 of 1st period - Wrist shot by Erik Christensen.
16:46 of 1st period - Stopped by Ondrej Pavelec with a rebound.
16:52 of 1st period - Jiri Fischer is hit by Marc-Édouard Vlasic and loses puck.
17:49 of 1st period - Mike Cammalleri is hit by Denis Grebeshkov and loses puck.
18:16 of 1st period - Wrist shot by Hnat Domenichelli.
18:16 of 1st period - Stopped by Ryan Miller with a rebound.
18:22 of 1st period - Minor Penalty to Sami Kapanen for Hooking.
18:23 of 1st period - Boyd Devereaux wins face-off versus Anze Kopitar in Coyotes zone.
18:32 of 1st period - Wrist shot by Patrick Kane.
18:32 of 1st period - Stopped by Ryan Miller with a rebound.
18:34 of 1st period - Snap shot by Stephane Robidas.
18:34 of 1st period - Deflect By Patrick Kane.
18:34 of 1st period - Goal by Patrick Kane - Coyotes : 0 - Kings : 1.
18:35 of 1st period - Matt Duchene wins face-off versus Drew Miller in neutral zone.
18:40 of 1st period - Snap shot by Patrick Kane.
18:40 of 1st period - Stopped by Ryan Miller with a rebound.
18:42 of 1st period - Slapshot by Eric Brewer.
18:42 of 1st period - Deflect By Drew Miller.
18:42 of 1st period - Stopped by Ryan Miller without a rebound.
18:43 of 1st period - Frans Nielsen wins face-off versus Mike Cammalleri in Coyotes zone.
19:08 of 1st period - Wrist shot by Viktor Kozlov.
19:08 of 1st period - Stopped by Ryan Miller without a rebound.
19:09 of 1st period - Viktor Kozlov wins face-off versus Tim Connolly in Coyotes zone.
19:12 of 1st period - Wrist shot by Viktor Kozlov.
19:12 of 1st period - Stopped by Ryan Miller without a rebound.
19:13 of 1st period - Tim Connolly wins face-off versus Viktor Kozlov in Coyotes zone.
19:44 of 1st period - Slapshot by Drew Miller.
19:44 of 1st period - Shot Misses the Net.
Goals for this period are 0 for Coyotes vs 1 for Kings.
Shots for this period are 6 for Coyotes vs 12 for Kings.
2nd period
0:01 of 2nd period - Frans Nielsen wins face-off versus Mike Cammalleri in neutral zone.
0:22 of 2nd period - Minor Penalty to Matt Duchene for Slashing.
0:23 of 2nd period - Tim Connolly wins face-off versus Randy Robitaille in Kings zone.
0:35 of 2nd period - Minor Penalty to Anton Stralman for Hooking.
0:36 of 2nd period - Anze Kopitar wins face-off versus Tim Connolly in Coyotes zone.
1:51 of 2nd period - Snap shot by Patrick Kane.
1:51 of 2nd period - Shot Blocked by Denis Grebeshkov.
1:53 of 2nd period - Slapshot by Patrick Kane.
1:53 of 2nd period - Shot Misses the Net.
1:55 of 2nd period - Snap shot by Mike Cammalleri.
1:55 of 2nd period - Shot Blocked by Jiri Fischer.
1:57 of 2nd period - Wrist shot by Mike Cammalleri.
1:57 of 2nd period - Shot Blocked by Denis Grebeshkov.
2:22 of 2nd period - Penalty to Matt Duchene is over, Matt Duchene is back on ice.
2:29 of 2nd period - Slapshot by Stephane Robidas.
2:29 of 2nd period - Stopped by Ryan Miller without a rebound.
2:30 of 2nd period - Boyd Devereaux wins face-off versus Matt Duchene in Coyotes zone.
2:35 of 2nd period - Penalty to Anton Stralman is over, Anton Stralman is back on ice.
3:03 of 2nd period - Snap shot by Mikkel Boedker.
3:03 of 2nd period - Goal by Mikkel Boedker - Coyotes : 0 - Kings : 2.
3:04 of 2nd period - Rene Bourque wins face-off versus Frans Nielsen in neutral zone.
3:07 of 2nd period - Snap shot by Anze Kopitar.
3:07 of 2nd period - Stopped by Ryan Miller without a rebound.
3:08 of 2nd period - Anze Kopitar wins face-off versus Frans Nielsen in Coyotes zone.
3:21 of 2nd period - Snap shot by Anze Kopitar.
3:21 of 2nd period - Shot Misses the Net.
3:23 of 2nd period - Slapshot by Pernell Karl Subban.
3:23 of 2nd period - Shot Blocked by Frans Nielsen.
3:39 of 2nd period - Snap shot by Patrick Kane.
3:39 of 2nd period - Stopped by Ryan Miller without a rebound.
3:40 of 2nd period - Matt Duchene wins face-off versus Tim Connolly in Coyotes zone.
3:54 of 2nd period - Off-side.
3:55 of 2nd period - Anze Kopitar wins face-off versus Frans Nielsen in neutral zone.
4:27 of 2nd period - Snap shot by Tyler Ennis.
4:27 of 2nd period - Shot Blocked by Stephane Robidas.
5:09 of 2nd period - Snap shot by Erik Christensen.
5:09 of 2nd period - Shot Misses the Net.
5:13 of 2nd period - Snap shot by Erik Christensen.
5:13 of 2nd period - Shot Blocked by Cory Sarich.
5:15 of 2nd period - Snap shot by Shawn Thornton.
5:15 of 2nd period - Deflect By Anze Kopitar.
5:15 of 2nd period - Shot Blocked by Marc-Édouard Vlasic.
5:15 of 2nd period - Puck is out of play.
5:16 of 2nd period - Frans Nielsen wins face-off versus Matt Duchene in Kings zone.
5:17 of 2nd period - Slapshot by Drew Miller.
5:17 of 2nd period - Shot Blocked by Pernell Karl Subban.
5:25 of 2nd period - Mike Cammalleri is hit by Kurt Sauer and loses puck.
5:49 of 2nd period - Slapshot by Brent Burns.
5:49 of 2nd period - Stopped by Ryan Miller with a rebound.
5:51 of 2nd period - Wrist shot by Mikkel Boedker.
5:51 of 2nd period - Shot Misses the Net.
5:53 of 2nd period - Wrist shot by Brent Burns.
5:53 of 2nd period - Stopped by Ryan Miller without a rebound.
5:54 of 2nd period - Anze Kopitar wins face-off versus Tim Connolly in Coyotes zone.
6:03 of 2nd period - Slapshot by Brenden Morrow.
6:03 of 2nd period - Stopped by Ryan Miller without a rebound.
6:04 of 2nd period - Tim Connolly wins face-off versus Anze Kopitar in Coyotes zone.
6:06 of 2nd period - Minor Penalty to Marian Gaborik for Tripping.
6:07 of 2nd period - Boyd Devereaux wins face-off versus Anze Kopitar in Coyotes zone.
6:41 of 2nd period - Slapshot by Rene Bourque.
6:41 of 2nd period - Shot Blocked by Kurt Sauer.
6:43 of 2nd period - Snap shot by Stephane Robidas.
6:43 of 2nd period - Stopped by Ryan Miller without a rebound.
6:44 of 2nd period - Matt Duchene wins face-off versus Boyd Devereaux in Coyotes zone.
7:07 of 2nd period - Slapshot by Rene Bourque.
7:07 of 2nd period - Shot Misses the Net.
7:09 of 2nd period - Snap shot by Matt Duchene.
7:09 of 2nd period - Goal by Matt Duchene - Coyotes : 0 - Kings : 3.
7:10 of 2nd period - Anze Kopitar wins face-off versus Frans Nielsen in neutral zone.
7:26 of 2nd period - Wrist shot by Anze Kopitar.
7:26 of 2nd period - Shot Misses the Net.
7:36 of 2nd period - Patrick Kane is hit by Adrian Aucoin and loses puck.
7:43 of 2nd period - Denis Grebeshkov is hit by Mike Cammalleri and loses puck.
7:57 of 2nd period - Off-side.
7:58 of 2nd period - Viktor Kozlov wins face-off versus Boyd Devereaux in neutral zone.
8:23 of 2nd period - Anze Kopitar is hit by Kurt Sauer and loses puck.
8:34 of 2nd period - Anton Stralman is hit by Rene Bourque and loses puck.
9:44 of 2nd period - Cory Sarich is hit by Brian Rafalski and loses puck.
9:47 of 2nd period - Snap shot by Cory Sarich.
9:47 of 2nd period - Shot Misses the Net.
9:49 of 2nd period - Slapshot by Rene Bourque.
9:49 of 2nd period - Stopped by Ryan Miller without a rebound.
9:50 of 2nd period - Tim Connolly wins face-off versus Anze Kopitar in Coyotes zone.
9:50 of 2nd period - Tim Connolly is hit by Anze Kopitar.
10:00 of 2nd period - Snap shot by Tim Connolly.
10:00 of 2nd period - Shot Misses the Net.
10:02 of 2nd period - Snap shot by Marian Gaborik.
10:02 of 2nd period - Shot Misses the Net.
10:04 of 2nd period - Snap shot by Brian Rafalski.
10:04 of 2nd period - Stopped by Ondrej Pavelec with a rebound.
10:06 of 2nd period - Wrist shot by Marian Gaborik.
10:06 of 2nd period - Goal by Marian Gaborik - Coyotes : 1 - Kings : 3.
10:07 of 2nd period - Matt Duchene wins face-off versus Frans Nielsen in neutral zone.
10:49 of 2nd period - Wrist shot by Drew Miller.
10:49 of 2nd period - Shot Misses the Net.
10:55 of 2nd period - Chris Stewart is hit by Viktor Kozlov and loses puck.
11:10 of 2nd period - Snap shot by Frans Nielsen.
11:10 of 2nd period - Stopped by Ondrej Pavelec without a rebound.
11:11 of 2nd period - Anze Kopitar wins face-off versus Tim Connolly in Kings zone.
11:38 of 2nd period - Chad Larose is hit by Hnat Domenichelli and loses puck.
12:28 of 2nd period - Minor Penalty to Anze Kopitar for Slashing.
12:29 of 2nd period - Randy Robitaille wins face-off versus Tim Connolly in Kings zone.
13:08 of 2nd period - Icing by Drew Miller.
13:09 of 2nd period - Frans Nielsen wins face-off versus Mike Cammalleri in Coyotes zone.
13:17 of 2nd period - Wrist shot by Frans Nielsen.
13:17 of 2nd period - Deflect By Patrick Kane.
13:17 of 2nd period - Shot Misses the Net.
13:17 of 2nd period - Puck is out of play.
13:18 of 2nd period - Tim Connolly wins face-off versus Randy Robitaille in Kings zone.
14:28 of 2nd period - Penalty to Anze Kopitar is over, Anze Kopitar is back on ice.
14:51 of 2nd period - Brent Burns is hit by Erik Cole and loses puck.
15:25 of 2nd period - Erik Christensen is hit by Vaclav Varada and loses puck.
15:40 of 2nd period - Viktor Kozlov is hit by Tim Connolly and loses puck.
15:55 of 2nd period - Snap shot by Frans Nielsen.
15:55 of 2nd period - Stopped by Ondrej Pavelec without a rebound.
15:56 of 2nd period - Frans Nielsen wins face-off versus Matt Duchene in Kings zone.
15:57 of 2nd period - Snap shot by Drew Miller.
15:57 of 2nd period - Goal by Drew Miller - Coyotes : 2 - Kings : 3.
15:58 of 2nd period - Tyler Ennis wins face-off versus Matt Duchene in neutral zone.
16:29 of 2nd period - Wrist shot by Drew Miller.
16:29 of 2nd period - Shot Misses the Net.
16:49 of 2nd period - Snap shot by Jonas Hoglund.
16:49 of 2nd period - Deflect By Mikkel Boedker.
16:49 of 2nd period - Shot Misses the Net.
16:49 of 2nd period - Puck is out of play.
16:50 of 2nd period - Boyd Devereaux wins face-off versus Patrick Kane in Coyotes zone.
16:50 of 2nd period - Boyd Devereaux is hit by Matt Duchene.
17:21 of 2nd period - Slapshot by Tim Connolly.
17:21 of 2nd period - Stopped by Ondrej Pavelec without a rebound.
17:22 of 2nd period - Tim Connolly wins face-off versus Anze Kopitar in Kings zone.
18:09 of 2nd period - Wrist shot by Hnat Domenichelli.
18:09 of 2nd period - Stopped by Ryan Miller with a rebound.
18:11 of 2nd period - Wrist shot by Randy Robitaille.
18:11 of 2nd period - Stopped by Ryan Miller with a rebound.
18:13 of 2nd period - Wrist shot by Randy Robitaille.
18:13 of 2nd period - Stopped by Ryan Miller with a rebound.
18:28 of 2nd period - Icing by Hnat Domenichelli.
18:29 of 2nd period - Erik Christensen wins face-off versus Vaclav Varada in Kings zone.
18:32 of 2nd period - Wrist shot by Sami Kapanen.
18:32 of 2nd period - Shot Misses the Net.
19:46 of 2nd period - Wrist shot by Randy Robitaille.
19:46 of 2nd period - Stopped by Ryan Miller without a rebound.
19:47 of 2nd period - Matt Duchene wins face-off versus Tim Connolly in Coyotes zone.
19:48 of 2nd period - Wrist shot by Patrick Kane.
19:48 of 2nd period - Stopped by Ryan Miller with a rebound.
19:59 of 2nd period - Snap shot by Patrick Kane.
19:59 of 2nd period - Shot Misses the Net.
Goals for this period are 2 for Coyotes vs 2 for Kings.
Shots for this period are 6 for Coyotes vs 15 for Kings.
3rd period
0:01 of 3rd period - Tim Connolly wins face-off versus Anze Kopitar in neutral zone.
0:06 of 3rd period - Wrist shot by Tim Connolly.
0:06 of 3rd period - Shot Misses the Net.
0:11 of 3rd period - Minor Penalty to Anze Kopitar for Hooking.
0:12 of 3rd period - Tim Connolly wins face-off versus Randy Robitaille in Kings zone.
0:37 of 3rd period - Jonas Hoglund is hit by Drew Miller and loses puck.
0:48 of 3rd period - Snap shot by Drew Miller.
0:48 of 3rd period - Deflect By Chris Stewart.
0:48 of 3rd period - Stopped by Ondrej Pavelec with a rebound.
0:50 of 3rd period - Snap shot by Frans Nielsen.
0:50 of 3rd period - Shot Misses the Net.
2:11 of 3rd period - Penalty to Anze Kopitar is over, Anze Kopitar is back on ice.
2:21 of 3rd period - Snap shot by Anze Kopitar.
2:21 of 3rd period - Stopped by Ryan Miller with a rebound.
2:31 of 3rd period - Brent Burns is hit by Chad Larose and loses puck.
3:09 of 3rd period - Shawn Thornton is hit by Cory Sarich and loses puck.
3:15 of 3rd period - Icing by Jiri Fischer.
3:16 of 3rd period - Matt Duchene wins face-off versus Erik Christensen in Coyotes zone.
3:23 of 3rd period - Kurt Sauer is hit by Mike Cammalleri and loses puck.
3:30 of 3rd period - Snap shot by Patrick Kane.
3:30 of 3rd period - Stopped by Ryan Miller without a rebound.
3:31 of 3rd period - Anze Kopitar wins face-off versus Tim Connolly in Coyotes zone.
4:03 of 3rd period - Snap shot by Frans Nielsen.
4:03 of 3rd period - Deflect By Drew Miller.
4:03 of 3rd period - Goal by Drew Miller - Coyotes : 3 - Kings : 3.
4:04 of 3rd period - Patrick Kane wins face-off versus Tim Connolly in neutral zone.
4:11 of 3rd period - Wrist shot by Patrick Kane.
4:11 of 3rd period - Shot Misses the Net.
4:13 of 3rd period - Wrist shot by Patrick Kane.
4:13 of 3rd period - Stopped by Ryan Miller without a rebound.
4:14 of 3rd period - Matt Duchene wins face-off versus Tim Connolly in Coyotes zone.
5:27 of 3rd period - Mike Cammalleri is hit by Tim Connolly and loses puck.
5:54 of 3rd period - Tim Connolly is hit by Patrick Kane and loses puck.
6:19 of 3rd period - Slapshot by Marian Gaborik.
6:19 of 3rd period - Stopped by Ondrej Pavelec with a rebound.
6:43 of 3rd period - Wrist shot by Mike Cammalleri.
6:43 of 3rd period - Stopped by Ryan Miller with a rebound.
6:45 of 3rd period - Wrist shot by Matt Duchene.
6:45 of 3rd period - Shot Misses the Net.
6:47 of 3rd period - Snap shot by Mike Cammalleri.
6:47 of 3rd period - Shot Misses the Net.
6:49 of 3rd period - Backhand shot by Mike Cammalleri.
6:49 of 3rd period - Shot Blocked by Anton Stralman.
6:51 of 3rd period - Wrist shot by Mike Cammalleri.
6:51 of 3rd period - Shot Blocked by Tim Connolly.
6:53 of 3rd period - Snap shot by Eric Brewer.
6:53 of 3rd period - Deflect By Patrick Kane.
6:53 of 3rd period - Shot Blocked by Anton Stralman.
6:53 of 3rd period - Puck is out of play.
6:54 of 3rd period - Frans Nielsen wins face-off versus Anze Kopitar in Coyotes zone.
7:00 of 3rd period - Adrian Aucoin is hit by Cory Sarich and loses puck.
7:05 of 3rd period - Wrist shot by Frans Nielsen.
7:05 of 3rd period - Shot Misses the Net.
7:07 of 3rd period - Wrist shot by Frans Nielsen.
7:07 of 3rd period - Deflect By Drew Miller.
7:07 of 3rd period - Stopped by Ondrej Pavelec with a rebound.
7:09 of 3rd period - Slapshot by Chris Stewart.
7:09 of 3rd period - Shot Misses the Net.
7:43 of 3rd period - Icing by Vaclav Varada.
7:44 of 3rd period - Erik Christensen wins face-off versus Randy Robitaille in Kings zone.
7:49 of 3rd period - Wrist shot by Erik Christensen.
7:49 of 3rd period - Shot Misses the Net.
8:01 of 3rd period - Snap shot by Vaclav Varada.
8:01 of 3rd period - Shot Misses the Net.
8:07 of 3rd period - Snap shot by Randy Robitaille.
8:07 of 3rd period - Shot Blocked by Shawn Thornton.
8:09 of 3rd period - Snap shot by Randy Robitaille.
8:09 of 3rd period - Stopped by Ryan Miller with a rebound.
8:11 of 3rd period - Snap shot by Vaclav Varada.
8:11 of 3rd period - Shot Misses the Net.
8:13 of 3rd period - Snap shot by Vaclav Varada.
8:13 of 3rd period - Stopped by Ryan Miller with a rebound.
8:15 of 3rd period - Snap shot by Marc-Édouard Vlasic.
8:15 of 3rd period - Stopped by Ryan Miller without a rebound.
8:16 of 3rd period - Rene Bourque wins face-off versus Frans Nielsen in Coyotes zone.
8:41 of 3rd period - Jonas Hoglund is hit by Brian Rafalski and loses puck.
8:50 of 3rd period - Backhand shot by Boyd Devereaux.
8:50 of 3rd period - Deflect By Chad Larose.
8:50 of 3rd period - Stopped by Ondrej Pavelec with a rebound.
9:18 of 3rd period - Sami Kapanen is hit by Randy Robitaille and loses puck.
9:27 of 3rd period - Slapshot by Vaclav Varada.
9:27 of 3rd period - Deflect By Randy Robitaille.
9:27 of 3rd period - Shot Blocked by Denis Grebeshkov.
9:27 of 3rd period - Denis Grebeshkov from Coyotes is injured at 9:27 of 3rd period (Right Foot).
9:28 of 3rd period - Anze Kopitar wins face-off versus Frans Nielsen in Coyotes zone.
9:37 of 3rd period - Anze Kopitar is hit by Drew Miller.
9:49 of 3rd period - Stephane Robidas is hit by Kurt Sauer and loses puck.
9:59 of 3rd period - Stephane Robidas is hit by Adrian Aucoin and loses puck.
10:22 of 3rd period - Snap shot by Patrick Kane.
10:22 of 3rd period - Shot Blocked by Kurt Sauer.
10:24 of 3rd period - Slapshot by Pernell Karl Subban.
10:24 of 3rd period - Shot Blocked by Kurt Sauer.
10:25 of 3rd period - Minor Penalty to Pernell Karl Subban for High sticking.
10:26 of 3rd period - Randy Robitaille wins face-off versus Tim Connolly in Kings zone.
10:26 of 3rd period - Randy Robitaille is hit by Anton Stralman.
10:38 of 3rd period - Eric Brewer is hit by Tyler Ennis and loses puck.
11:26 of 3rd period - Brent Burns is hit by Brian Rafalski and loses puck.
12:08 of 3rd period - Snap shot by Brenden Morrow.
12:08 of 3rd period - Shot Misses the Net.
12:20 of 3rd period - Brenden Morrow is hit by Jiri Fischer and loses puck.
12:25 of 3rd period - Penalty to Pernell Karl Subban is over, Pernell Karl Subban is back on ice.
12:41 of 3rd period - Marc-Édouard Vlasic is hit by Sami Kapanen and loses puck.
13:59 of 3rd period - Brenden Morrow is hit by Frans Nielsen and loses puck.
14:12 of 3rd period - Hnat Domenichelli is hit by Chad Larose and loses puck.
14:29 of 3rd period - Jiri Fischer is hit by Jonas Hoglund and loses puck.
14:42 of 3rd period - Cory Sarich is hit by Frans Nielsen and loses puck.
14:59 of 3rd period - Erik Cole is hit by Rene Bourque and loses puck.
15:29 of 3rd period - Chad Larose is hit by Eric Brewer and loses puck.
15:48 of 3rd period - Drew Miller is hit by Anze Kopitar.
16:08 of 3rd period - Minor Penalty to Randy Robitaille for Interference.
16:09 of 3rd period - Mike Cammalleri wins face-off versus Tim Connolly in Kings zone.
18:08 of 3rd period - Penalty to Randy Robitaille is over, Randy Robitaille is back on ice.
18:09 of 3rd period - Wrist shot by Boyd Devereaux.
18:09 of 3rd period - Stopped by Ondrej Pavelec with a rebound.
18:33 of 3rd period - Slapshot by Patrick Kane.
18:33 of 3rd period - Stopped by Ryan Miller without a rebound.
18:34 of 3rd period - Boyd Devereaux wins face-off versus Matt Duchene in Coyotes zone.
18:34 of 3rd period - Boyd Devereaux is hit by Patrick Kane.
18:40 of 3rd period - Slapshot by Brian Rafalski.
18:40 of 3rd period - Stopped by Ondrej Pavelec without a rebound.
18:41 of 3rd period - Matt Duchene wins face-off versus Boyd Devereaux in Kings zone.
19:09 of 3rd period - Slapshot by Brian Rafalski.
19:09 of 3rd period - Stopped by Ondrej Pavelec without a rebound.
19:10 of 3rd period - Viktor Kozlov wins face-off versus Tim Connolly in Kings zone.
19:10 of 3rd period - Viktor Kozlov is hit by Tim Connolly.
19:37 of 3rd period - Tyler Ennis is hit by Brenden Morrow and loses puck.
Goals for this period are 1 for Coyotes vs 0 for Kings.
Shots for this period are 8 for Coyotes vs 8 for Kings.
Overtime #1
0:01 of 1st overtime period - Brenden Morrow wins face-off versus Tim Connolly in neutral zone.
0:06 of 1st overtime period - Slapshot by Brenden Morrow.
0:06 of 1st overtime period - Goal by Brenden Morrow - Coyotes : 3 - Kings : 4.
Goals for this period are 0 for Coyotes vs 1 for Kings.
Shots for this period are 0 for Coyotes vs 1 for Kings.
Output by the SimonT Hockey Simulator (STHS) for François Prévost -- Original Page W3C XHTML 1.0 Valid